 Dungeon Crawl Stone Soup version 0.29-a0-284-gf9362112df (webtiles) character file.

Game seed: 8197213653523319159

4 gzilladon the Shooter (level 1, -1/17 HPs)
             Began as a Palentonga Hunter on Mar 25, 2022.
             Frozen to death by an endoplasm (5 damage)
             ... on level 1 of the Dungeon.
             The game lasted 00:01:45 (331 turns).

gzilladon the Shooter (Palentonga Hunter)            Turns: 331, Time: 00:01:45

Health: -1/17      AC:  6    Str: 14    XL:     1   Next: 58%
Magic:  1/1        EV:  9    Int:  9    God:
Gold:   101        SH:  0    Dex: 13    Spells: 0/0 levels left

rFire   . . .      SeeInvis +   e - +0 hand axe
rCold   . . .      Faith    .   (no shield)
rNeg    . . .      Spirit   .   b - +0 leather armour
rPois   .          Reflect  .   d - +0 helmet
rElec   .          Harm     .   (no cloak)
rCorr   .          Rampage  .   f - +0 pair of gloves
Will    .....                   (no barding)
Stlth   +.........              (no amulet)
HPRegen 0.05/turn               (no ring)
MPRegen 0.07/turn               (no ring)

@: no status effects
A: large, rugged brown scales 3, see invisible, deformed body, roll 1, armoured
tail
a: Rolling Charge


You were on level 1 of the Dungeon.
You visited 1 branch of the dungeon, and saw 1 of its levels.

You collected 101 gold pieces.

Inventory:

Hand Weapons
 a - a +1 shortbow
 e - a +0 hand axe (weapon)
Missiles
 h - 9 stones
Armour
 b - a +0 leather armour (worn)
 d - a +0 helmet (worn)
 f - a +0 pair of gloves (worn)
Scrolls
 c - a scroll of immolation
 g - a scroll of teleportation {unknown}


   Skills:
 + Level 2.0 Fighting
 * Level 3.5 Bows
 - Level 1.5 Dodging
 - Level 0.5 Stealth


You couldn't memorise any spells.
You didn't know any spells.
Your spell library was empty.

Dungeon Overview and Level Annotations

Branches:
Dungeon (1/15)

Altars:


Innate Abilities, Weirdness & Mutations

You are completely covered in rugged brown scales. (AC +3, +7% HP)
You have supernaturally acute eyesight. (SInv)
Armour fits poorly on your strangely shaped body.
You can roll at nearby foes to attack.
You have a long armoured tail.


Message History

You hit the fungus.
The fungus is lightly damaged.
You hit the fungus.
The fungus begins to die.
You hit the fungus but do no damage.
The fungus is lightly damaged.
You hit the fungus. You hit the fungus.
The fungus is lightly damaged.
You hit the fungus but do no damage.
A nearby fungus withers and dies.
A nearby fungus withers and dies.
You now have 15 gold pieces.
You now have 29 gold pieces (gained 14).
You now have 43 gold pieces (gained 14).
You now have 56 gold pieces (gained 13).
You now have 67 gold pieces (gained 11).
You now have 73 gold pieces (gained 6).
You now have 80 gold pieces (gained 7).
You now have 91 gold pieces (gained 11).
You now have 101 gold pieces (gained 10).
An endoplasm comes into view.
Found a scroll labelled JUDEUNT GELA.
You hit the endoplasm.
The endoplasm is moderately wounded.
The endoplasm freezes you.
You are frozen.
You hit the endoplasm. You tail-slap the endoplasm.
The endoplasm is severely wounded.
The endoplasm freezes you.
You are frozen.
You hit the endoplasm but do no damage.
The endoplasm is severely wounded.
The endoplasm hits you. The endoplasm freezes you.
You are frozen.
* * * LOW HITPOINT WARNING * * *
You hit the endoplasm.
The endoplasm is almost dead.
The endoplasm freezes you.
You are frozen.
You die...

#.# #?# #.# #.# #.#
###### #.# #....#
###.###########.PP.P
#...................
##.@###########.P...
#.J# #.P... #..#


#.PPPP #..# #.#... #... #.#### #.## ... #. .#.# ## #. # You could see an
endoplasm.

Vanquished Creatures
  An endoplasm (D:1)
  A giant cockroach (D:1)
  A ball python (D:1)
  2 bats (D:1)
5 creatures vanquished.

Vanquished Creatures (others)
  2 fungi (D:1)
  3 toadstools (D:1)
5 creatures vanquished.

Grand Total: 10 creatures vanquished

Notes
Turn   | Place    | Note
-------+----------+-------------------------------------------
     0 | D:1      | gzilladon the Palentonga Hunter began the quest for the
                  | Orb.
     0 | D:1      | Reached XP level 1. HP: 17/17 MP: 1/1
   331 | D:1      | Frozen to death by an endoplasm

Illustrated notes

Levels and vault maps discovered:
D:1:      lemuel_arrival_funnel, layout_basic, minmay_gold_behind_fungi

Action                   || total
-------------------------++-------
Melee: Hand axe          ||    20
       Tailslap          ||     3
Armor: Leather armour    ||    13
Dodge: Dodged            ||     6

Table legend: (Time is in decaauts)
 A = Elapsed time spent in this place.
 B = Non-inter-level travel time spent in this place.
 C = Inter-level travel time spent in this place.
 D = Time resting spent in this place.
 E = Time spent auto-exploring this place.
 F = Levels seen in this place.
 G = Mean time per level.
                   A        B        C        D        E       F      G
               +--------+--------+--------+--------+--------+-----+--------+
         Total |    336 |    336 |      0 |    132 |      0 |   1 |  336.0 |
       Dungeon |    336 |    336 |      0 |    132 |      0 |   1 |  336.0 |
               +--------+--------+--------+--------+--------+-----+--------+

Top non-repeatable levels by time:
     D:1: 336 daAuts
